 Dungeon Sprint DCSS version 0.21.1-1-g345015f (webtiles) character file.

4566 wojtek the Severer (level 10, 0/100 (101) HPs)
             Began as a Minotaur Berserker on Feb 11, 2018.
             Was the Champion of Trog.
             Killed by divine providence
             ... invoked by an orc priest
              (13 damage)
             ... in the Dungeon (Sprint III: "The Ten Rune Challenge").
             The game lasted 00:04:14 (1772 turns).

wojtek the Severer (Minotaur Berserker)             Turns: 1772, Time: 00:04:16

HP:   0/100 (101)   AC:  6    Str: 25    XL:     10   Next: 18%
MP:   9/9           EV: 17    Int:  4    God:    Trog [******]
Gold: 32            SH:  0    Dex: 10    Spells: 9/9 levels left

rFire    . . .     SeeInvis .   r - +3 battleaxe (freeze)
rCold    . . .     Gourm    .   (shield currently unavailable)
rNeg     . . .     Faith    .   b - +0 animal skin
rPois    .         Spirit   .   (helmet restricted)
rElec    .         Reflect  .   k - +0 cloak
rCorr    .         Harm     .   (no gloves)
MR       .....     NoTele   +   j - +0 pair of boots
Stlth    +.........             (no amulet)
HPRegen  0.26/turn              (no ring)
MPRegen  0.11/turn              (no ring)

@: no status effects
A: retaliatory headbutt, horns 2
a: Berserk, Trog's Hand, Brothers in Arms, Burn Spellbooks, Renounce Religion


You were in the Dungeon.
You worshipped Trog.
Trog was exalted by your worship.
You were not hungry.

You visited 1 branch You collected 32 gold pieces.

Inventory:

Hand Weapons
 r - a +3 battleaxe of freezing (weapon)
 t - the +8 broad axe of Minotaur's Death {antimagic, +Rage rF+++ rC- Int-5 Dex+8}
   (Trog gifted it to you in the Dungeon)

   It reduces the magical energy of the wielder, and disrupts the spells and
   magical abilities of those hit.
   Natural abilities and divine invocations are not affected.
   It affects your intelligence (-5).
   It affects your dexterity (+8).
   It renders you almost immune to fire.
   It makes you vulnerable to cold.
   It lets you go berserk.
Armour
 b - a +0 animal skin (worn)
 j - a +0 pair of boots (worn)
 k - a +0 cloak (worn)
Wands
 a - a wand of disintegration (18)
Scrolls
 i - a scroll of blinking
 m - a scroll of holy word {unknown}
 n - 4 scrolls of identify
 o - a scroll of torment {unknown}
 p - a scroll of remove curse {unknown}
Potions
 d - 2 potions of curing
 e - 2 potions of heal wounds
 f - a potion of haste
 g - 2 potions of magic
 h - a potion of berserk rage
 l - 5 potions of mutation
 q - a potion of resistance {unknown}
Miscellaneous
 s - a lightning rod (4/4)
Comestibles
 c - 3 rations


   Skills:
 + Level 13.1 Fighting
 * Level 17.4 Axes
 + Level 12.9 Armour
 + Level 11.9 Dodging


You had 9 spell levels left.
You didn't know any spells.

Dungeon Overview and Level Annotations

Branches:
Dungeon (1/1)

Altars:
Cheibriados
Dithmenos
Elyvilon
Fedhas
Gozag
Hepliaklqana
Kikubaaqudgha
Makhleb
Nemelex Xobeh
Okawaru
Qazlal
Ru
Sif Muna
Trog
Uskayaw
Vehumet
Wu Jian
Xom
Yredelemnul
Zin
The Shining One
Beogh
Jiyva
Lugonu

Shops:
D ?


Innate Abilities, Weirdness & Mutations

You reflexively headbutt those who attack you in melee.
You have a pair of horns on your head.


Message History

You slice the orc sorcerer!!
You kill the orc sorcerer!
Trog accepts your kill.
Trog appreciates your killing of a magic user.
Something appears at your feet! Trog grants you ammunition!
Your Axes skill increases to level 17!
You have reached level 10!
The orc high priest hits you with a scimitar.
* * * LOW HITPOINT WARNING * * *
There is an open door, spattered with blood here.
Things that are here:
a dagger; an embroidered robe; an orc corpse You slice the orc high priest!!
You freeze the orc high priest.
You kill the orc high priest!
Trog accepts your kill.
Your Fighting skill increases to level 13!
The orc priest mumbles some strange prayers to Beogh against you.
Beogh smites you!
You die...

..#..#...#__.#._#$.......
..#..###)#'###)##o$.o....
#'#..#..........#.oo...
##...'.⌠..).....#o)o#
##...#...######'#C#
#....#.⌠.#__#...#+##############
.....#...#__#...#....#.#.#.....#
)....#'###__#..)##.#..#.##)###.#
.....#)).#__#..)@##.#.#)##.#.)##
#....#___#__'..(#)oo#..#..##..+(.
▓▓▓▓▓▓▓▓▓▓▓▓▓▓▓▓▓▓▓▓▓▓▓▓▓▓▓▓▓▓#..
.. . .


You could see an orc priest and an orc wizard.

Vanquished Creatures
  Erolcha (D)
  An orc high priest (D)
  An orc sorcerer (D)
  A deep elf mage (D)
  A shadow (D)
  A redback (D)
  A spatial vortex (D)
  A necrophage (D)
  5 two-headed ogres (D)
  A water elemental (D)
  A jelly (D)
  An orc priest (D)
  Crazy Yiuf (D)
  An orc wizard (D)
  Jessica (D)
  A wizard (D)
  A necromancer (D)
  3 humans (D)
  A kobold demonologist (D)
  2 oozes (D)
  A rat (D)
28 creatures vanquished.

Vanquished Creatures (collateral kills)
  An orc high priest (D)
  2 orc knights (D)
  An orc warrior (D)
  3 orcs (D)
7 creatures vanquished.

Vanquished Creatures (others)
  2 draconian scorchers (D)
  6 hellions (D)
  2 yaktaurs (D)
  An electric eel (D)
11 creatures vanquished.

Grand Total: 46 creatures vanquished

Notes
Turn   | Place    | Note
-------+----------+-------------------------------------------
     0 | D        | wojtek the Minotaur Berserker began the quest for the Orb.
     0 | D        | Reached XP level 1. HP: 19/19 MP: 0/0
    11 | D        | Reached skill level 4 in Axes
    98 | D        | Reached XP level 2. HP: 26/27 MP: 1/1
   100 | D        | Killed a hellion
   108 | D        | Killed a hellion
   108 | D        | Killed a hellion
   108 | D        | Killed a hellion
   111 | D        | Noticed Jessica
   114 | D        | Killed a hellion
   120 | D        | Killed Jessica
   120 | D        | Reached ** piety under Trog
   120 | D        | Reached skill level 6 in Axes
   120 | D        | Reached XP level 3. HP: 27/35 MP: 2/2
   144 | D        | Killed a hellion
   153 | D        | Killed a yaktaur
   210 | D        | Reached skill level 5 in Fighting
   219 | D        | Noticed Crazy Yiuf
   224 | D        | Killed Crazy Yiuf
   224 | D        | Reached *** piety under Trog
   224 | D        | Reached skill level 7 in Axes
   224 | D        | Reached skill level 5 in Armour
   224 | D        | Reached XP level 4. HP: 38/44 MP: 3/3
   267 | D        | Killed a white draconian scorcher
   292 | D        | Killed a white draconian scorcher
   346 | D        | Noticed a water elemental
   353 | D        | Killed a water elemental
   353 | D        | Reached skill level 8 in Axes
   353 | D        | Reached skill level 5 in Dodging
   353 | D        | Reached XP level 5. HP: 41/51 MP: 4/4
   484 | D        | Found a radiant altar of Vehumet.
   485 | D        | Found a deep blue altar of Sif Muna.
   485 | D        | Found an ancient bone altar of Kikubaaqudgha.
   499 | D        | Reached **** piety under Trog
   499 | D        | Reached skill level 9 in Axes
   775 | D        | Found a glowing silver altar of Zin.
   776 | D        | Found a glowing golden altar of the Shining One.
   776 | D        | Found a white marble altar of Elyvilon.
   776 | D        | Noticed a deep elf mage
   782 | D        | Noticed an ice beast
   782 | D        | Killed a deep elf mage
   782 | D        | Reached ***** piety under Trog
   782 | D        | Reached skill level 11 in Axes
   782 | D        | Reached XP level 6. HP: 62/63 MP: 5/5
   782 | D        | Reached XP level 7. HP: 68/70 MP: 6/6
   839 | D        | Found a hide-covered altar of Uskayaw.
   839 | D        | Found an iron altar of Okawaru.
   840 | D        | Found a roughly hewn altar of Beogh.
   840 | D        | Found a bloodstained altar of Trog.
   840 | D        | Found an ornate altar of the Wu Jian Council.
   840 | D        | Noticed a human
   840 | D        | Noticed a human
   852 | D        | Killed a human
   852 | D        | Reached skill level 12 in Axes
   867 | D        | Killed a human
   867 | D        | Received a gift from Trog
   982 | D        | Found a shadowy altar of Dithmenos.
   987 | D        | Reached skill level 13 in Axes
   990 | D        | Reached skill level 10 in Fighting
   991 | D        | Found a basalt altar of Yredelemnul.
   991 | D        | Found a sacrificial altar of Ru.
  1000 | D        | Noticed a shadow
  1007 | D        | Killed a shadow
  1007 | D        | Reached skill level 10 in Armour
  1007 | D        | Reached XP level 8. HP: 23/78 MP: 7/7
  1214 | D        | Killed a yaktaur
  1244 | D        | Found a blossoming altar of Fedhas.
  1244 | D        | Found a stormy altar of Qazlal.
  1245 | D        | Found a snail-covered altar of Cheibriados.
  1245 | D        | Found a burning altar of Makhleb.
  1245 | D        | Found a hazy altar of Hepliaklqana.
  1245 | D        | Found a shimmering altar of Xom.
  1245 | D        | Found an opulent altar of Gozag.
  1245 | D        | Found a sparkling altar of Nemelex Xobeh.
  1245 | D        | Found a corrupted altar of Lugonu.
  1245 | D        | Found a viscous altar of Jiyva.
  1278 | D        | Reached ****** piety under Trog
  1278 | D        | Received a gift from Trog
  1278 | D        | Reached skill level 14 in Axes
  1279 | D        | Got a translucent broad axe {god gift}
  1298 | D        | Lost intelligence.
  1298 | D        | Identified the +8 broad axe of Minotaur's Death {antimagic, +Rage rF+++ rC- Int-5 Dex+8} (Trog gifted it to you in the Dungeon)
  1591 | D        | Noticed a two-headed ogre
  1596 | D        | Killed a two-headed ogre
  1670 | D        | Noticed a two-headed ogre
  1670 | D        | Noticed Erolcha
  1673 | D        | Killed Erolcha
  1673 | D        | Reached skill level 15 in Axes
  1673 | D        | Reached skill level 10 in Dodging
  1673 | D        | Reached XP level 9. HP: 89/89 MP: 8/8
  1677 | D        | Killed a two-headed ogre
  1679 | D        | Reached skill level 16 in Axes
  1727 | D        | Noticed an orc high priest
  1728 | D        | Noticed an orc knight
  1732 | D        | Killed an orc high priest
  1733 | D        | Found Keoqez's Magic Scroll Boutique.
  1734 | D        | Killed an orc knight
  1736 | D        | Noticed an orc knight
  1736 | D        | Noticed an orc high priest
  1739 | D        | Noticed an orc sorcerer
  1745 | D        | Killed an orc knight
  1770 | D        | Killed an orc sorcerer
  1770 | D        | Received a gift from Trog
  1770 | D        | Reached skill level 17 in Axes
  1770 | D        | Reached XP level 10. HP: 17/99 MP: 9/9
  1772 | D        | Killed an orc high priest
  1772 | D        | Killed from afar by an orc priest

Skill      XL: |  1  2  3  4  5  6  7  8  9 10 |
---------------+-------------------------------+-----
Fighting       | 4 5 6 9 10 11 12 13 | 13.1
Axes           | 4 6 7 8 11 13 15 17 | 17.4
Armour         | 3 4 5 8 10 11 12 | 12.9
Dodging        | 3 4 5 7 9 10 11 | 11.9

Action                   |  1- 3 |  4- 6 |  7- 9 | 10-12 || total
-------------------------+-------+-------+-------+-------++-------
Melee: Hand axe          |    14 |    22 |    21 |       ||    57
       Headbutt          |     3 |     2 |     9 |       ||    14
       Battleaxe         |       |       |    45 |     1 ||    46
Invok: Berserk           |     1 |     2 |     3 |       ||     6
       Burn Spellbooks   |       |     1 |     1 |       ||     2
       Brothers in Arms  |       |       |     1 |       ||     1
  Eat: Chunk             |       |     2 |     4 |       ||     6
       Ration            |       |       |     1 |       ||     1
Armor: Animal skin       |       |     2 |     7 |       ||     9
Dodge: Dodged            |     6 |     6 |    35 |       ||    47
